 Dungeon Crawl Stone Soup version 0.20.0-15-g7f486f2 (webtiles) character file.

233 greprep the Cudgeler (level 5, -1/46 HPs)
             Began as a Draconian Fighter on June 18, 2017.
             Slain by an orc
             ... wielding a +0 trident
              (3 damage)
             ... on level 3 of the Dungeon.
             The game lasted 00:03:35 (2002 turns).

greprep the Cudgeler (Draconian Fighter)            Turns: 2002, Time: 00:03:37

Health: -1/46      AC:  5    Str: 20    XL:     5   Next: 74%
Magic:  5/5        EV: 11    Int:  8    God:
Gold:   168        SH:  9    Dex: 10    Spells: 4/4 levels left

rFire    . . .     SeeInvis .   a - +0 flail
rCold    . . .     Gourm    .   b - +0 shield
rNeg     . . .     Faith    .   (armour unavailable)
rPois    .         Spirit   .   (helmet restricted)
rElec    .         Reflect  .   (no cloak)
rCorr    .         Harm     .   (no gloves)
MR       .....                  (no boots)
Stlth    +.........             (no amulet)
Regen    0.2/turn               (no ring)
MPRegen  0.1/turn               (no ring)

@: no status effects
A: unfitting armour, cold-blooded, AC +5
a: no special abilities


You were on level 3 of the Dungeon.
You were not hungry.

You visited 1 branch of the dungeon, and saw 3 of its levels.

You collected 168 gold pieces.

Inventory:

Hand Weapons
 a - a +0 flail (weapon)
Armour
 b - a +0 shield (worn)
Jewellery
 t - an uncursed ring of fire {unknown}
Scrolls
 e - 3 scrolls of identify {unknown}
 f - a scroll of amnesia {unknown}
 h - 3 scrolls of enchant armour {unknown}
 i - 2 scrolls of teleportation
 k - 2 scrolls of remove curse
 l - a scroll of blinking {unknown}
Potions
 c - a potion of might
 m - 2 potions of curing {unknown}
 n - a potion of agility {unknown}
 p - a potion of flight {unknown}
 q - a potion of mutation {unknown}
 s - a potion of ambrosia {unknown}
Comestibles
 d - a bread ration
 g - 2 meat rations
 j - 3 royal jellies
 o - 4 fruits


   Skills:
 + Level 4.2 Fighting
 + Level 4.3 Maces & Flails
 + Level 3.5 Dodging
 + Level 3.8 Shields


You had 4 spell levels left.
You didn't know any spells.

Dungeon Overview and Level Annotations

Branches:
Dungeon (3/15)

Altars:
Qazlal
Sif Muna


Innate Abilities, Weirdness & Mutations

Your plain brown scales are hard. (AC +5)
You cannot fit into any form of body armour.
You are cold-blooded and may be slowed by cold attacks.


Message History

a tomahawk; a dagger; a robe; an orc corpse The orc hits you from afar with a trident.
You block the orc's attack. You block the orc's attack.
All of the chunks of flesh in your inventory have rotted away.
You hit the orc.
The orc is heavily wounded.
The orc priest mumbles some strange prayers to Beogh against you.
Beogh smites you!
You closely miss the orc. The orc closely misses you.
You block the orc's attack.
The orc hits you from afar with a trident.
* * * LOW HITPOINT WARNING * * *
You sock the orc!
You kill the orc!
The orc priest invokes the aid of Beogh against you.
Beogh smites you!
* * * LOW HITPOINT WARNING * * *
The orc hits you from afar with a trident.
You die...

###### # ....# .. ..$#
##. #..# .... #..#
########### .....
#..#####...^.....#
......#..(ooo)....####.#
.._......#####@##.# #.#
.[%...#..# #.##.# #.#
### ..... #..# #.##.#
#.# #.. .... #.##
#.##.####.######.# ##.
#.# #.##.....#.......#
.. ..#
#.##....#.####>..# # .##
#.##.............. #.
..##....#.##.#.#.#
####...##.##.##.##


You could see an orc priest and 2 orcs.

Vanquished Creatures
  An orc wizard (D:3)
  Natasha (thrice) (D:2)
  5 adders
  2 oozes
  3 worms (D:3)
  3 dart slugs (D:1)
  2 leopard geckos
  An orc (D:3)
  A ball python (D:2)
  3 giant cockroaches
  7 hobgoblins
  7 kobolds
  8 bats
  4 frilled lizards
  8 goblins
  8 rats
66 creatures vanquished.

Notes
Turn   | Place    | Note
-------+----------+-------------------------------------------
     0 | D:1      | greprep the Draconian Fighter began the quest for the Orb.
     0 | D:1      | Reached XP level 1. HP: 19/19 MP: 1/1
    74 | D:1      | Reached XP level 2. HP: 16/26 MP: 2/2
   420 | D:1      | Reached XP level 3. HP: 33/33 MP: 3/3
   833 | D:2      | Noticed Natasha
   855 | D:2      | Killed Natasha
   855 | D:2      | Reached XP level 4. HP: 14/40 MP: 4/4
  1074 | D:2      | Noticed Natasha
  1084 | D:2      | Killed Natasha
  1092 | D:2      | Noticed Natasha
  1101 | D:2      | Killed Natasha
  1101 | D:2      | Reached XP level 5. HP: 34/46 MP: 5/5
  1458 | D:2      | Found a deep blue altar of Sif Muna.
  1981 | D:3      | Found a stormy altar of Qazlal.
  2002 | D:3      | HP: 2/46 [orc priest/divine providence (11)]
  2002 | D:3      | Slain by an orc

Skill      XL: |  1  2  3  4  5 |
---------------+----------------+-----
Dodging        | 3 |  3.5
Maces & Flails | 3 4 |  4.3
Fighting       | 4 |  4.2
Shields        | |  3.8

Action                   |  1- 3 |  4- 6 || total
-------------------------+-------+-------++-------
Melee: Flail             |   115 |   102 ||   217
       Tailslap          |    12 |    11 ||    23
  Use: Scroll            |       |     2 ||     2
  Eat: Chunk             |       |     4 ||     4
Armor: Skin              |    38 |    20 ||    58
Dodge: Dodged            |    49 |    37 ||    86
Block: Shield            |    68 |    60 ||   128
